Map: Pylon LE

Players

Crucial - Winner!

  • Race: Terran Terran
  • Spawn Location: 5:00

VOD

Have the link to the VOD?

Description

Time

  • Played on: May 17, 2025, 11:54 p.m.
  • Length: 15:18
Show
View Real Time Build Order
Export as new Build Order

Crucial Terran - Winner!

Build Orders:  

Get SALT Encoding   

  12  0:00  SCV  
  13  0:17  SCV  
  14  0:24  Supply Depot  
  14  0:34  SCV  
  15  0:54  SCV  
  15  0:58  Barracks  
  16  1:11  SCV  
  17  1:31  SCV  
  18  1:51  SCV  
  19  2:08  SCV  
  19  2:09  Command Center  
  20  2:12  Marine  
  20  2:16  Refinery  
  22  2:33  Orbital Command  
  21  2:44  Marine  
  21  2:46  Supply Depot  
  22  3:12  Marine  
  23  3:26  SCV  
  24  3:41  Barracks  
  24  3:43  SCV, Marine  
  26  3:50  Factory  
  27  4:00  Orbital Command  
  27  4:02  SCV  
  27  4:22  SCV  
  27  4:24  Barracks  
  27  4:25  Refinery  
  27  4:29  Barracks Tech Lab  
  28  4:39  SCV  
  29  4:51  SCV  
  29  4:56  Starport  
  30  5:00  SCV  
  30  5:08  SCV, Marine  
  30  5:09  Marine  
  34  5:10  Factory Tech Lab  
  34  5:19  SCV  
  35  5:28  Factory Reactor  
  35  5:30  Marine  
  35  5:33  Marine  
  35  5:36  Supply Depot  
  35  5:38  Stimpack  
  37  5:48  Supply Depot  
  37  5:52  SCV  
  37  5:53  SCV, Marine  
  37  5:55  Marine  
  41  6:02  Supply Depot  
  41  6:12  Barracks Tech Lab  
  41  6:19  SCV x2  
  43  6:25  Marine x2  
  45  6:38  Medivac  
  45  6:39  Medivac  
  49  6:50  Marine x3  
  49  6:52  SCV x2  
  54  7:11  SCV x2  
  54  7:15  Marine x3  
  54  7:16  Supply Depot  
  59  7:20  Medivac  
  61  7:33  SCV x2  
  63  7:40  Marine x3  
  63  7:49  Supply Depot  
  66  7:50  SCV x2  
  66  7:59  Command Center  
  68  8:01  Barracks  
  68  8:05  Medivac x2, Marine x3  
  68  8:07  SCV x2, Barracks  
  77  8:11  Widow Mine  
  77  8:19  Refinery  
  77  8:20  Refinery  
  77  8:24  SCV x2  
  81  8:30  Marine x2  
  81  8:35  Unknown  
  83  8:41  SCV x2  
  85  8:52  Supply Depot  
  85  8:57  Widow Mine  
  85  9:00  SCV  
  85  9:07  SCV, Marine x3  
  92  9:16  Supply Depot  
  92  9:26  SCV x2  
  94  9:32  Marine x2  
  94  9:36  Medivac x2  
  100  9:40  Factory Tech Lab  
  100  9:42  Marine  
  100  9:43  SCV x2  
  103  9:57  Marine  
Tags
 
Matchup
Co-op
Add a new tag
Caveats
  • Supply blocks, unpowered buildings, or Contaminate may cause inaccurate times.
  • Supply counts are checked every 10 seconds.